 Dungeon Crawl Stone Soup version 0.14-a0-1637-gd423c14 (webtiles) character file.

525 Ololoev the Charlatan (level 5, -4/46 HPs)
             Began as a Deep Dwarf Fighter on Dec 27, 2013.
             Slain by an iguana (8 damage)
             ... on Level 4 of the Dungeon.
             The game lasted 00:11:15 (2989 turns).

Ololoev the Charlatan (Deep Dwarf Fighter)          Turns: 2989, Time: 00:11:16

HP  -4/46        AC  7     Str 20      XL: 5   Next: 99%
MP  10/10        EV  6     Int  9      God:
Gold 260         SH 21     Dex 12      Spells:  0 memorised,  4 levels left

rFire  . . .     SeeInvis .     a - +0 dwarf hand axe
rCold  . . .     Clarity  .     b - +0 dwarf scale mail
rNeg   . . .     Conserve .     c - +0 dwarf shield
rPois  .         rCorr    .     (no helmet)
rElec  .         rRot     .     (no cloak)
SustAb . .       Spirit   .     (no gloves)
rMut   .         Warding  .     (no boots)
Saprov . . .     Stasis   .     (no amulet)
                                (no ring)
                                (no ring)

@: non-regenerating, somewhat resistant to hostile enchantments, extremely
unstealthy
A: damage resistance, recharge devices, sense surroundings 1, slow healing 3
a: Device Recharging


You were on level 4 of the Dungeon.
You were very hungry.

You visited 1 branch of the dungeon, and saw 4 of its levels.

You collected 260 gold pieces.

Inventory:

Hand weapons
 a - a +0,+0 dwarven hand axe (weapon)
 e - a -1,+2 orcish dagger of draining
Missiles
 g - 10 poisoned needles
 m - 27 arrows
 p - 7 tomahawks (quivered)
 v - 7 javelins
Armour
 b - a +0 dwarven scale mail (worn)
 c - a +0 dwarven shield (worn)
Magical devices
 d - a wand of heal wounds (2)
Comestibles
 f - 5 bread rations
 j - an apple
 q - 2 chokos
Scrolls
 h - 3 scrolls of identify {unknown}
 i - a scroll of curse armour {unknown}
 k - 2 scrolls of teleportation {unknown}
 l - 2 scrolls of noise {unknown}
 o - 2 scrolls of curse weapon {unknown}
 r - 3 scrolls of immolation {unknown}
 s - a scroll of fog {unknown}
 w - a scroll of random uselessness {unknown}
 x - a scroll of recharging {unknown}
 y - a scroll of magic mapping {unknown}
Jewellery
 z - an uncursed ring of protection from cold {unknown}
Potions
 n - a potion of invisibility {unknown}
 t - a potion of curing {unknown}
 u - a potion of heal wounds {unknown}


   Skills:
 - Level 2.6 Fighting
 - Level 3.4 Axes
 + Level 2.7 Throwing
 - Level 3.2 Armour
 - Level 3.2 Shields
 - Level 6.0 Evocations


You had 4 spell levels left.
You didn't know any spells.

Dungeon Overview and Level Annotations

Branches:
Dungeon (4/16)
 Temple: D:4-7

Altars:
Xom


Innate Abilities, Weirdness & Mutations

You are resistant to damage.
You can recharge devices by infusing magical energy.
You passively map a small area around you.
You do not heal naturally.


Message History

An iguana comes into view.
The iguana hisses angrily.
You are feeling very hungry.
You hit the iguana.
The iguana is lightly wounded.
You block the iguana's attack.
You closely miss the iguana.
The iguana is lightly wounded.
You block the iguana's attack.
You hit the iguana.
The iguana is heavily wounded.
The iguana bites you!
* * * LOW HITPOINT WARNING * * *
Your shield and scale mail prevent you from hitting the iguana.
The iguana is heavily wounded.
The iguana bites you.
You hit the iguana.
The iguana is heavily wounded.
The iguana bites you!
You die...

.....# .....# * *
.....+, ,, , , ,
.....#** , , , .....#
###** , ###'## *, ,.. ,
#..# #.## ** #.## #.l# *
##.# ######@## #..#
#.......### #'#####
#.........# * * (.....#
#.......#...# *
......#####.......###..+
, , ......'...........#
# , *
......#####.......# ,
......# #.......# *
.)....# #.......# ,


You could see an iguana.

Vanquished Creatures
  A phantom (D:4)
  Satan Claus (D:2)
  3 adders
  A giant mite (D:3)
  An adder zombie (D:3)
  2 giant geckos (D:3)
  2 oozes
  7 orcs
  A ball python (D:2)
  3 giant cockroaches
  5 hobgoblins
  2 jackals (D:4)
  6 kobolds
  4 bats
  7 giant newts
  7 goblins
  A quokka (D:2)
  10 rats
  A rat skeleton (D:4)
  A plant (D:1)
66 creatures vanquished.

Notes
Turn   | Place    | Note
--------------------------------------------------------------
     0 | D:1      | Ololoev, the Deep Dwarf Fighter, began the quest for the Orb.
     0 | D:1      | Reached XP level 1. HP: 20/20 MP: 1/1
    72 | D:1      | Reached skill level 1 in Evocations
   227 | D:1      | Reached XP level 2. HP: 24/27 MP: 2/2
   823 | D:2      | Noticed Satan Claus
   857 | D:2      | Killed Satan Claus
   857 | D:2      | Reached skill level 5 in Evocations
   857 | D:2      | Reached XP level 3. HP: 33/33 MP: 3/5
   857 | D:2      | Reached XP level 4. HP: 40/40 MP: 4/7
  1034 | D:2      | Reached skill level 6 in Evocations
  1590 | D:2      | Found a shimmering altar of Xom.
  1917 | D:3      | Reached XP level 5. HP: 35/46 MP: 10/10
  2766 | D:4      | Reached skill level 1 in Throwing
  2829 | D:4      | Noticed a phantom
  2855 | D:4      | Killed a phantom
  2989 | D:4      | Slain by an iguana

Action                   |  1- 3 |  4- 6 || total
-------------------------+-------+-------++-------
Melee: Hand axe          |    78 |   194 ||   272
Throw: Dart              |     3 |       ||     3
Evoke: Wand              |     2 |     1 ||     3
